 Dungeon Crawl Stone Soup version 0.19.0-2-gae57169 (webtiles) character file.

105 Monkfish the Cutter (level 5, 0/49 HPs)
             Began as a Kobold Berserker on Nov 6, 2016.
             Was a Believer of Trog.
             Slain by a gnoll
             ... wielding a +0 spear
              (5 damage)
             ... on level 2 of the Dungeon.
             The game lasted 00:03:21 (1453 turns).

Monkfish the Cutter (Kobold Berserker)              Turns: 1453, Time: 00:03:22

Health: 0/49       AC:  3    Str: 20      XL:     5   Next: 8%
Magic:  4/4        EV: 14    Int:  7 (8)  God:    Trog [**....]
Gold:   111        SH:  5    Dex: 17      Spells: 0 memorised, 4 levels left

rFire  . . .     SeeInvis .     b - +1 dagger (holy)
rCold  . . .     Gourm    .     m - +0 leather armour
rNeg   . . .     Faith    .     i - +0 buckler
rPois  .         Spirit   .     (no helmet)
rElec  .         Reflect  .     (no cloak)
rCorr  .         Harm     .     (no gloves)
MR     ++...                    (no boots)
Stlth  ..........               (no amulet)
                                (no ring)
                                (no ring)

@: berserking (expiring), regenerating, very quick
A: agile 1, carnivore 3, low mp 1, MP-powered wands
a: Berserk, Trog's Hand, Burn Spellbooks, Renounce Religion


You were on level 2 of the Dungeon.
You worshipped Trog.
Trog was pleased with you.
You were not hungry.

You visited 1 branch of the dungeon, and saw 3 of its levels.

You collected 111 gold pieces.

Inventory:

Hand Weapons
 b - a +1 dagger of holy wrath (weapon)
Armour
 i - a +0 buckler (worn)
 m - a +0 leather armour (worn)
Scrolls
 e - a scroll of teleportation
 j - a scroll of fog
Comestibles
 c - 2 meat rations
 d - a slice of pizza


   Skills:
 + Level 4.1 Fighting
 + Level 5.5 Short Blades
 - Level 1.5 Armour
 - Level 2.7 Dodging
 + Level 1.7 Stealth
 * Level 1.0 Shields


You had 4 spell levels left.
You didn't know any spells.

Dungeon Overview and Level Annotations

Branches:
Dungeon (3/15)

Altars:
Xom


Innate Abilities, Weirdness & Mutations

You are small and have problems with some larger weapons.
You are carnivorous and can eat meat at any time.
You are agile. (Dex +2)
Your magical capacity is low. (-10% MP)
You expend magic power (3 MP) to strengthen your wands.


Message History

The kobold misses you.
You puncture the gnoll!
You kill the gnoll!
Trog accepts your kill.
You have reached level 5!
You feel stronger. The gnoll barely misses you. You block the gnoll's attack.
You closely miss the gnoll. You block the kobold's attack.
You hit the gnoll.
The gnoll is moderately wounded.
The gnoll barely misses you. The gnoll closely misses you.
You closely miss the gnoll.
The gnoll is moderately wounded.
The kobold hits you.
* * * LOW HITPOINT WARNING * * *
You barely miss the gnoll.
The gnoll is moderately wounded.
The gnoll completely misses you.
The gnoll hits you from afar with a spear.
You die...

###### #.# #.#
##...## #.# #.#
##.....## #.# #.#
#.......# #.# #.#
#..(_...# #.# #b#
#.......# #.# #.#
##.....## #.###.#
.##..÷## #..)..#
.###.## #@)####
.##..# #gK# .##.##
#.g# .#..# ###..#
...### #...<#
.....# #.##.#
##.#.# #.##.#
#.#.#########.##.#
#.#..÷...........#


You could see 2 gnolls and a kobold.

Vanquished Creatures
  Ijyb (D:2)
  2 gnolls (D:2)
  3 adders (D:2)
  5 giant cockroaches
  A goblin (D:2)
  4 hobgoblins
  5 bats
  5 frilled lizards
  4 kobolds
  7 rats
37 creatures vanquished.

Notes
Turn   | Place    | Note
-------+----------+-------------------------------------------
     0 | D:1      | Monkfish the Kobold Berserker began the quest for the Orb.
     0 | D:1      | Reached XP level 1. HP: 14/14 MP: 1/1
   131 | D:1      | Reached XP level 2. HP: 15/19 MP: 2/2
   579 | D:2      | Found a shimmering altar of Xom.
   703 | D:2      | Reached XP level 3. HP: 24/24 MP: 3/3
   753 | D:2      | Reached ** piety under Trog
  1092 | D:2      | Reached skill level 5 in Short Blades
  1391 | D:3      | Noticed Ijyb
  1394 | D:3      | Reached XP level 4. HP: 29/29 MP: 4/4
  1410 | D:2      | Reached skill level 1 in Stealth
  1412 | D:2      | Killed Ijyb
  1412 | D:2      | Reached skill level 1 in Shields
  1428 | D:2      | Gained mutation: You expend magic power (3 MP) to strengthen your wands. [potion of mutation]
  1428 | D:2      | Gained mutation: You are agile. (Dex +2) [potion of mutation]
  1428 | D:2      | Gained mutation: Your magical capacity is low. (-10% MP) [potion of mutation]
  1449 | D:2      | Reached XP level 5. HP: 5/33 MP: 4/4
  1453 | D:2      | Slain by a gnoll

Skill      XL: |  1  2  3  4 |
---------------+-------------+-----
Short Blades   | 5 |  5.5
Stealth        | 1 |  1.7
Fighting       | 4 |  4.1
Shields        | 1 |  1.0
Armour         | |  1.5
Dodging        | |  2.7

Action                   |  1- 3 |  4- 6 || total
-------------------------+-------+-------++-------
Melee: Short sword       |    83 |    15 ||    98
       Dagger            |       |    10 ||    10
Invok: Berserk           |     2 |     2 ||     4
       Trog's Hand       |       |     1 ||     1
  Use: Scroll            |     7 |       ||     7
       Potion            |     3 |     3 ||     6
 Stab: Sleeping          |     4 |       ||     4
  Eat: Chunk             |     6 |       ||     6
Armor: Animal skin       |    10 |       ||    10
       Leather armour    |       |     6 ||     6
Dodge: Dodged            |    48 |    44 ||    92
Block: Buckler           |     4 |    17 ||    21
